 Dungeon Crawl Stone Soup version 0.18.1-48-g4cf74bf (webtiles) character file.

294 Gargoyl the Skirmisher (level 6, -4/49 HPs)
             Began as a Demonspawn Abyssal Knight on Aug 23, 2016.
             Was a Priest of Lugonu.
             Slain by a slave (5 damage)
             ... led by Pikel
             ... on level 4 of the Dungeon.
             The game lasted 00:09:00 (2820 turns).

Gargoyl the Skirmisher (Demonspawn Abyssal Knight)  Turns: 2820, Time: 00:09:01

Health: -4/49      AC: 18    Str: 15    XL:     6   Next: 11%
Magic:  0/8        EV:  4    Int: 13    God:    Lugonu [***...]
Gold:   168        SH:  7    Dex: 12    Spells: 0 memorised, 5 levels left

rFire  . . .     SeeInvis +     a - +1 hand axe
rCold  . . .     Gourm    .     A - +0 chain mail
rNeg   . . .     Faith    .     G - +0 shield
rPois  .         Spirit   +     j - +0 helmet
rElec  .         Dismiss  .     (no cloak)
rCorr  .         Reflect  .     m - +0 pair of gloves
SustAt .         Harm     +     e - +2 pair of boots
MR     .....                    C - amulet of harm
Stlth  ..........               l - ring of see invisible
                                u - +3 ring of protection

@: not resistant to hostile enchantments, extremely unstealthy
A: talons 1, rugged brown scales 1, powered by death 1, magic shield
a: Depart the Abyss, Bend Space, Banish, Renounce Religion


You were on level 4 of the Dungeon.
You worshipped Lugonu.
Lugonu was most pleased with you.
You were hungry.

You visited 1 branch of the dungeon, and saw 4 of its levels.
You visited the Abyss 1 time.

You collected 168 gold pieces.

Inventory:

Hand Weapons
 a - a +1 hand axe (weapon)
Armour
 e - a +2 pair of boots (worn)
 j - a +0 helmet (worn)
 m - a +0 pair of gloves (worn)
 A - a +0 chain mail (worn)
 G - a +0 shield (worn)
Jewellery
 l - a ring of see invisible (right hand)
 u - a +3 ring of protection (left hand)
 C - an amulet of harm (around neck)
Wands
 g - a wand of digging (13/24)
 s - a wand of random effects (21/48)
Scrolls
 f - 4 scrolls of identify {unknown}
 h - a scroll of fear {unknown}
 k - 3 scrolls of amnesia {unknown}
 o - 2 scrolls of magic mapping {unknown}
 p - 2 scrolls of teleportation {unknown}
 q - 4 scrolls of enchant armour {unknown}
 t - 3 scrolls of remove curse {unknown}
 y - a scroll of recharging {unknown}
Potions
 b - a potion of berserk rage
 d - 2 potions of lignification {unknown}
 r - 4 potions of brilliance {unknown}
 v - a potion of degeneration {unknown}
 w - a potion of ambrosia {unknown}
 x - a potion of agility {unknown}
 z - 2 potions of heal wounds {unknown}
 B - a potion of cancellation {unknown}
 D - a potion of flight {unknown}
Comestibles
 c - 2 bread rations
 i - a beef jerky
 n - 2 meat rations
 E - a chunk of flesh
 F - a royal jelly


   Skills:
 + Level 4.2 Fighting
 + Level 2.8 Axes
 * Level 3.8 Armour
 + Level 2.4 Dodging
 + Level 2.7 Invocations


You had 5 spell levels left.
You didn't know any spells.

Dungeon Overview and Level Annotations

Branches:
Dungeon (4/15)
 Temple: D:4-7

Altars:
Okawaru
Xom

Annotations:
D:4 Pikel


Innate Abilities, Weirdness & Mutations

You have sharp toenails.
You are partially covered in rugged brown scales (AC +1, +3% HP).
You regenerate a little health from kills.
When hurt, damage is shared between your health and your magic reserves.


Message History

You hit the slave but do no damage.
The slave is lightly wounded.
You closely miss the slave.
The slave is moderately wounded.
You hit the slave.
The slave is lightly wounded.
The slave hits you but does no damage. Pikel hits you but does no damage.
The slave hits you.
* * * LOW HITPOINT WARNING * * *
The slave hits you but does no damage. You block the slave's attack.
You hit Pikel.
Pikel is severely wounded.
You barely miss the slave.
The slave is lightly wounded.
You closely miss the slave.
The slave is moderately wounded.
You hit the slave but do no damage.
The slave is lightly wounded.
Pikel barely misses you. You block the slave's attack. The slave hits you.
You die...

.......#...........##..
.......#...........#
...
.......#######.....#
#... .......# #.....#
.......# ###...#
.......#########...#
.............(..p###
....#..........pK#
....#..........p@#
....#..........p.# #
....#............#.#
....#............#.#.
....####.............
....# #.............
....# #.............
....# #.............
....####...)).......#


You could see Pikel and 4 slaves.

Vanquished Creatures
  A hound (D:4)
  An orc priest (D:4)
  Jessica (D:2)
  Ijyb (D:3)
  Terence (D:3)
  5 adders
  2 oozes
  3 worms
  4 dart slugs
  6 giant geckos
  7 orcs (D:4)
  9 bats
  4 giant cockroaches
  10 goblins
  4 hobgoblins
  7 jackals
  5 kobolds
  3 ball pythons
  4 giant newts (D:2)
  5 rats
83 creatures vanquished.

Notes
Turn   | Place    | Note
--------------------------------------------------------------
     0 | Abyss:1  | Gargoyl the Demonspawn Abyssal Knight began the quest for the Orb.
     0 | Abyss:1  | Reached XP level 1. HP: 18/18 MP: 2/2
    79 | Abyss:1  | Noticed a small abomination
    80 | D:1      | Escaped the Abyss
   108 | D:1      | Reached skill level 1 in Dodging
   309 | D:1      | Gained mutation: You are partially covered in rugged brown scales (AC +1, +3% HP). [demonic ancestry]
   309 | D:1      | Reached XP level 2. HP: 18/24 MP: 3/3
   310 | D:1      | Reached * piety under Lugonu
   851 | D:2      | Noticed Jessica
   863 | D:2      | Killed Jessica
   863 | D:2      | Gained mutation: You regenerate a little health from kills. [demonic ancestry]
   863 | D:2      | Reached XP level 3. HP: 5/29 MP: 4/4
  1124 | D:2      | Found a shimmering altar of Xom.
  1323 | D:2      | Gained mutation: You have sharp toenails. [demonic ancestry]
  1323 | D:2      | Reached XP level 4. HP: 38/38 MP: 5/5
  1372 | D:2      | Reached ** piety under Lugonu
  1945 | D:3      | Found an iron altar of Okawaru.
  2096 | D:3      | Reached skill level 4 in Fighting
  2099 | D:3      | Noticed Terence
  2131 | D:3      | Killed Terence
  2131 | D:3      | Reached XP level 5. HP: 40/43 MP: 7/7
  2164 | D:3      | Noticed Ijyb
  2186 | D:3      | Killed Ijyb
  2408 | D:3      | Reached *** piety under Lugonu
  2674 | D:4      | Gained mutation: When hurt, damage is shared between your health and your magic reserves. [demonic ancestry]
  2674 | D:4      | Reached XP level 6. HP: 43/49 MP: 8/8
  2767 | D:4      | Noticed a slave
  2768 | D:4      | Noticed Pikel
  2770 | D:4      | Noticed a slave
  2788 | D:4      | Noticed a slave
  2789 | D:4      | Noticed a slave
  2819 | D:4      | HP: 1/49 [slave[Pikel] (6)]
  2820 | D:4      | Slain by a slave

Skill      XL: |  1  2  3  4 |
---------------+-------------+-----
Dodging        | 1 2 |  2.4
Axes           | 2 |  2.8
Armour         | 2 3 |  3.8
Fighting       | 4 |  4.2
Invocations    | |  2.7

Action                   |  1- 3 |  4- 6 || total
-------------------------+-------+-------++-------
Melee: Hand axe          |    89 |   239 ||   328
Invok: Depart the Abyss  |     1 |       ||     1
  Use: Potion            |     1 |       ||     1
  Eat: Chunk             |     2 |     5 ||     7
Armor: Leather armour    |    10 |       ||    10
       Ring mail         |    35 |    43 ||    78
       Scale mail        |       |    42 ||    42
       Chain mail        |       |   137 ||   137
Dodge: Dodged            |    43 |   138 ||   181
Block: Shield            |       |    28 ||    28
